 Dungeon Crawl Stone Soup version 0.19.1-1-g22dce08 (webtiles) character file.

199 esteth the Conjurer (level 5, -3/29 HPs)
             Began as a Deep Elf Conjurer on Dec 29, 2016.
             Slain by Quirk's ghost (8 damage)
             ... on level 4 of the Dungeon.
             The game lasted 00:13:17 (3318 turns).

esteth the Conjurer (Deep Elf Conjurer)             Turns: 3318, Time: 00:13:18

Health: -3/29      AC:  7    Str:  5    XL:     5   Next: 48%
Magic:  2/14       EV: 13    Int: 21    God:
Gold:   149        SH:  0    Dex: 15    Spells: 3 memorised, 6 levels left

rFire  . . .     SeeInvis .     h - +1 dagger (flame)
rCold  . . .     Gourm    .     a - +0 robe
rNeg   . . .     Faith    .     (no shield)
rPois  .         Spirit   .     (no helmet)
rElec  .         Reflect  .     g - +1 cloak
rCorr  .         Harm     .     r - +2 pair of gloves
MR     .....                    (no boots)
Stlth  ++........               (no amulet)
                                (no ring)
                                (no ring)

@: about to teleport
A: no striking features
a: no special abilities


You were on level 4 of the Dungeon.
You were near starving.

You visited 1 branch of the dungeon, and saw 4 of its levels.

You collected 149 gold pieces.

Inventory:

Hand Weapons
 h - a +1 dagger of flaming (weapon)
Armour
 a - a +0 robe (worn)
 g - a +1 cloak (worn)
 r - a +2 pair of gloves (worn)
Scrolls
 e - 2 scrolls of identify
 f - a scroll of remove curse
 o - a scroll of fear {unknown}
Potions
 j - 2 potions of curing
 k - a potion of agility
 l - a potion of heal wounds {unknown}
 q - a potion of berserk rage {unknown}
Books
 b - a book of Conjurations

   Spells                             Type                      Level
   a - Magic Dart                     Conjuration                  1
   b - Searing Ray                    Conjuration                  2
   c - Dazzling Spray                 Conjuration/Hexes            3
   d - Fulminant Prism                Conjuration/Hexes            4
   e - Iskenderun's Mystic Blast      Conjuration                  4
   f - Iskenderun's Battlesphere      Conjuration/Charms           5
 n - a book of Debilitation

   Spells                             Type                      Level
   a - Corona                         Hexes                        1
   b - Slow                           Hexes                        2
   c - Gell's Gravitas                Hexes/Translocation          3
   d - Inner Flame                    Hexes/Fire                   3
   e - Cause Fear                     Hexes                        4
   f - Leda's Liquefaction            Hexes/Earth                  4
Comestibles
 c - 5 bread rations
 d - a meat ration
 m - a beef jerky


   Skills:
 + Level 1.0 Fighting
 + Level 3.1 Dodging
 - Level 2.6 Stealth
 - Level 4.8 Spellcasting
 - Level 5.1 Conjurations
 - Level 3.7 Hexes


You had 6 spell levels left.
You knew the following spells:

 Your Spells              Type           Power        Failure   Level  Hunger
a - Magic Dart            Conj           ####         1%          1    None
b - Fulminant Prism       Conj/Hex       ###.......   21%         4    ####...
c - Slow                  Hex            ###.....     4%          2    None


Dungeon Overview and Level Annotations

Branches:
Dungeon (4/15)
 Temple: D:4-7

Altars:

Annotations:
D:4 Edmund; Quirk's ghost, novice MiFi


Message History

Aim: Edmund, wielding a dire flail of protection and wearing a leather armour (moderately wounded)
The magic dart hits Edmund.
Edmund is moderately wounded.
Edmund hits you with a dire flail of protection.
There is a stone staircase leading down here.
Edmund says, "People think my brother is the best.
I think he's crazy."
Edmund hits you with a dire flail of protection.
You climb downwards.
Level annotation: Quirk's ghost, novice MiFi
There is a stone staircase leading up here.
Edmund misses you.
As you read the scroll of teleportation, it crumbles to dust.
You feel strangely unstable.
Quirk's ghost turns its malevolent gaze towards you.
Edmund completely misses you.
Quirk's ghost hits you but does no damage.
Edmund hits you with a dire flail of protection!
* * * LOW HITPOINT WARNING * * *
Quirk's ghost hits you!
You die...

#.# ### #.# ###
#.# #.. #W# #O#
#.# #.#
#.#############
####.#
#........W....#
#....O
#############.#
#.#.##
#<.....@@W.<#.# #
#...
#.#########.#W#
#.##
#.#.......#.#.#
#.
#.#.#####.#W#.#
#.
#.#.......#.#'###
#.
#.#..####.......#
#.#..####.......#
#.#..#..........#
#.#..#.###......#


You could see Edmund and Quirk's ghost.

Vanquished Creatures
  An orc priest (D:4)
  Jessica (D:3)
  A worker ant (D:3)
  A gnoll (D:1)
  2 adders
  An ooze (D:2)
  2 worms (D:2)
  2 dart slugs
  3 leopard geckos (D:2)
  5 orcs
  2 ball pythons
  3 giant cockroaches
  5 hobgoblins
  6 jackals
  3 kobolds
  2 quokkas
  6 bats
  4 frilled lizards
  11 goblins
  11 rats
72 creatures vanquished.

Vanquished Creatures (others)
  7 fulminant prisms
7 creatures vanquished.

Grand Total: 79 creatures vanquished

Notes
Turn   | Place    | Note
-------+----------+-------------------------------------------
     0 | D:1      | esteth the Deep Elf Conjurer began the quest for the Orb.
     0 | D:1      | Reached XP level 1. HP: 10/10 MP: 6/6
   109 | D:1      | Reached XP level 2. HP: 15/15 MP: 2/8
   799 | D:1      | Reached XP level 3. HP: 6/19 MP: 1/10
  1196 | D:2      | Reached skill level 5 in Conjurations
  1647 | D:2      | Reached XP level 4. HP: 20/24 MP: 8/12
  1657 | D:2      | Learned a level 4 spell: Fulminant Prism
  1782 | D:2      | Reached skill level 1 in Hexes
  2002 | D:3      | Learned a level 2 spell: Slow
  2252 | D:3      | Noticed Jessica
  2255 | D:3      | Killed Jessica
  2653 | D:4      | Noticed Quirk's ghost (novice MiFi)
  2745 | D:3      | Reached XP level 5. HP: 8/28 MP: 0/14
  3133 | D:4      | Noticed an ogre
  3137 | D:4      | Reached skill level 1 in Fighting
  3190 | D:4      | Noticed Edmund
  3318 | D:4      | Slain by Quirk's ghost

Skill      XL: |  1  2  3  4  5 |
---------------+----------------+-----
Spellcasting   | 4 |  4.8
Conjurations   | 5 |  5.1
Hexes          | 3 |  3.7
Dodging        | 3 |  3.1
Fighting       | 1 |  1.0
Stealth        | |  2.6

Action                   |  1- 3 |  4- 6 || total
-------------------------+-------+-------++-------
Melee: Unarmed           |     7 |       ||     7
       Dagger            |    24 |     7 ||    31
 Cast: Magic Dart        |    63 |    59 ||   122
       Fulminant Prism   |       |     7 ||     7
       Slow              |       |     1 ||     1
  Use: Scroll            |       |     9 ||     9
  Eat: Chunk             |     2 |     5 ||     7
Armor: Robe              |     4 |     9 ||    13
Dodge: Dodged            |    21 |    13 ||    34
